 Dungeon Crawl Stone Soup version 0.31-a0-167-g1c394c0614 (webtiles) character file.

Game seed: 1492134834161883247

79 qw the Chopper (level 4, 0/28 HPs)
             Began as a Gargoyle Fighter on June 14, 2023.
             Slain by an ice beast (13 damage)
             ... on level 5 of the Dungeon.
             The game lasted 00:01:03 (1541 turns).

qw the Chopper (Gargoyle Fighter)                   Turns: 1541, Time: 00:01:04

Health: 0/28       AC: 10    Str: 22    XL:     4   Next: 38%
Magic:  4/4        EV:  9    Int:  8    God:
Gold:   157        SH:  4    Dex:  9    Spells: 3/3 levels left

rFire   . . .        Y - +1 war axe
rCold   . . .        c - +0 buckler
rNeg    + . .        b - +0 scale mail
rPois   inf          (no helmet)
rElec   +            (no cloak)
rCorr   .            (no gloves)
SInv    .            (no boots)
Will    .....        (no amulet) Stlth
                     (no ring)
HPRegen 0.24/turn    (no ring)
MPRegen 0.09/turn

%: no passive effects
@: no status effects
A: sickness immunity, AC +3, negative energy resistance 1, electricity
resistance, torment resistance 1, petrification resistance
a: no special abilities


You were on level 5 of the Dungeon.
You visited 1 branch of the dungeon, and saw 4 of its levels.

You collected 157 gold pieces.


Innate Abilities, Weirdness & Mutations

You are immune to sickness and miasma.
Your stone body is resilient. (AC +3)
You are immune to poison.
You resist negative energy. (rN+)
You are resistant to electric shocks. (rElec)
You are resistant to unholy torment.
You are immune to petrification.


   Skills:
 - Level 3.2 Fighting
 + Level 4.1 Axes
 - Level 3.2 Armour
 - Level 3.2 Shields


You had 3 spell levels left.
You didn't know any spells.
Your spell library was empty.

Inventory:

Hand Weapons
 g - a +0 mace
 Y - a +1 war axe (weapon)
Armour
 b - a +0 scale mail (worn)
 c - a +0 buckler (worn)
Potions
 d - a potion of might
 e - a potion of cancellation {unknown}
 f - a potion of curing
 h - a potion of magic {unknown}

Dungeon Overview and Level Annotations

Branches:
Dungeon (3/15)

Altars:
The Shining One


Message History

There is a stone staircase leading up here. 2 orcs come into view.
The orc shouts!
You hear a shout!
An orc comes into view. It is wielding a +0 whip.
1489 ||| Stepping ~*~*~tactically~*~*~ (stealth).
You float gracefully downwards.
An orc comes into view. It is wielding a +0 whip.
1491 ||| Stepping ~*~*~tactically~*~*~ (stealth).
Your enlightenment fades.
An orc comes into view. It is wielding a +0 hand axe.
The orc moves out of view.
A sourceless malevolence fills the Dungeon...
You fall into a shaft and drop 2 floors!
The shaft crumbles and collapses.
Found 3 gold pieces.
Waypoint 3 assigned to D:5.
You now have 140 gold pieces (gained 3).
You now have 157 gold pieces (gained 17).
An ice beast comes into view.
An ice beast is nearby!
You slash the ice beast!
The ice beast is heavily wounded.
The ice beast hits you but does no damage.
You hit the ice beast but do no damage.
The ice beast is heavily wounded.
The ice beast hits you but does no damage.
You barely miss the ice beast.
The ice beast is heavily wounded.
The ice beast barely misses you.
The ice beast hits you but does no damage.
You closely miss the ice beast.
The ice beast is heavily wounded.
The ice beast hits you. The ice beast freezes you!
You closely miss the ice beast.
The ice beast is heavily wounded.
The ice beast hits you but does no damage.
You slash the ice beast!
The ice beast is severely wounded.
The ice beast hits you. The ice beast freezes you!
You die...

#...### #....## #
#....## #.
#.##.## .###
#...... ..#
#######.## #.#
#.......#
#Y#######.#######
#@........#
###########


You could see an ice beast.

Vanquished Creatures
  3 adders (D:2)
  A worm (D:2)
  A dart slug (D:1)
  2 endoplasms (D:1)
  A giant cockroach (D:2)
  5 goblins
  4 hobgoblins (D:1)
  4 jackals (D:1)
  4 kobolds
  3 quokkas
  10 bats
  3 frilled lizards (D:1)
  6 rats
47 creatures vanquished.

Notes
Turn   | Place    | Note
-------+----------+-------------------------------------------
     0 | D:1      | qw the Gargoyle Fighter began the quest for the Orb.
     0 | D:1      | Reached XP level 1. HP: 14/14 MP: 1/1
     0 | D:1      | 0 ||| qw: Version: 0.2-a-29-g1fa15c8
     0 | D:1      | 0 ||| qw: Game counter: 5002
     0 | D:1      | 0 ||| qw: Always use a shield: true
     0 | D:1      | 0 ||| qw: God list: Okawaru
     0 | D:1      | 0 ||| qw: Allow faded altars: false
     0 | D:1      | 0 ||| qw: Do Orc after D:15 true
     0 | D:1      | 0 ||| qw: Do second Lair branch before Depths: true
     0 | D:1      | 0 ||| qw: Lair rune preference: random
     0 | D:1      | 0 ||| qw: Plans: Normal, Zot:1-4, Slime:5, God:TSO, Crypt,
                  | Tomb, Abyss, Pan, Hells, Win
     0 | D:1      | 0 ||| PLANNING D:1-11
    30 | D:1      | Reached skill level 2 in Axes
    94 | D:1      | Reached XP level 2. HP: 19/19 MP: 2/2
    99 | D:1      | 99 ||| Stepping ~*~*~tactically~*~*~ (stealth).
   169 | D:1      | 169 ||| Stepping ~*~*~tactically~*~*~ (stealth).
   215 | D:1      | 215 ||| Stepping ~*~*~tactically~*~*~ (stealth).
   298 | D:1      | Reached skill level 3 in Axes
   298 | D:1      | 298 ||| Stepping ~*~*~tactically~*~*~ (stealth).
   304 | D:1      | Reached XP level 3. HP: 23/23 MP: 3/3
   307 | D:1      | 307 ||| Stepping ~*~*~tactically~*~*~ (hiding).
   309 | D:1      | 309 ||| Stepping ~*~*~tactically~*~*~ (hiding).
   310 | D:1      | 310 ||| Stepping ~*~*~tactically~*~*~ (hiding).
   311 | D:1      | 311 ||| Stepping ~*~*~tactically~*~*~ (hiding).
   799 | D:1      | 799 ||| READING scroll labelled QUASOTEXTE.
   800 | D:1      | 800 ||| READING scroll labelled VOAGYIFUSS.
   801 | D:1      | 801 ||| READING scroll labelled CEVIRI HINU.
   847 | D:2      | 847 ||| DROPPING +0 club.
   931 | D:2      | Found a faded altar of an unknown god.
  1020 | D:2      | Found a glowing golden altar of the Shining One.
  1051 | D:2      | Identified the +1 leather armour of the Weaver {Str+3 Int-5
                  | Dex+4}
  1099 | D:2      | Reached XP level 4. HP: 28/28 MP: 4/4
  1305 | D:2      | Reached skill level 4 in Axes
  1461 | D:2      | 1461 ||| DROPPING +1 leather armour of the Weaver {Str+3
                  | Int-5 Dex+4}.
  1462 | D:2      | 1462 ||| READING scroll labelled HIMINA HEIN.
  1463 | D:2      | 1463 ||| DRINKING 2 black potions.
  1464 | D:2      | 1464 ||| DRINKING 2 bubbling red potions.
  1465 | D:2      | 1465 ||| DROPPING potion of enlightenment.
  1489 | D:3      | 1489 ||| Stepping ~*~*~tactically~*~*~ (stealth).
  1491 | D:3      | 1491 ||| Stepping ~*~*~tactically~*~*~ (stealth).
  1493 | D:3      | You fall into a shaft and drop 2 floors!
  1493 | D:5      | Entered Level 5 of the Dungeon
  1531 | D:5      | Noticed an ice beast
  1541 | D:5      | Slain by an ice beast

Levels and vault maps discovered:
D:1:      dpeg_arrival_rooms_b, layout_basic, minmay_misc_feat_secret_circle
D:2:      layout_basic, basic_altar, shapermc_ecumenical_altar_totnotflames,
          minmay_close_crescents
D:3:      layout_basic, brannock_xom_greatest_gift, kennysheep_pointless_box
D:5:      layout_loops_cross, mainiacjoe_overflow_chevrons,
          lemuel_coloured_pillars_altar, st_stairs_4

Skill      XL: |  1  2  3  4 |
---------------+-------------+-----
Axes           | 2 3 4 |  4.1
Fighting       | |  3.2
Armour         | |  3.2
Shields        | |  3.2

Action                     |  1- 3 |  4- 6 || total
---------------------------+-------+-------++-------
  Melee: War axe           |   144 |    26 ||   170
    Use: Scroll            |     3 |     1 ||     4
         Potion            |       |     2 ||     2
 Armour: Scale mail        |    82 |    15 ||    97
  Dodge: Dodged            |    71 |    12 ||    83
  Block: Buckler           |    25 |     5 ||    30

Table legend:
 A = Non-vault XP
 B = Vault XP
 C = Vault XP percentage of total XP
 D = Non-vault monster count
 E = Vault monster count
 F = Vault count percentage of total count
                 A         B        C        D         E       F
            +---------+---------+-------+---------+---------+-------
      Total |     111 |       3 |   2.6 |      45 |       2 |   4.3
            +---------+---------+-------+---------+---------+-------
        D:1 |      52 |       0 |   0.0 |      31 |       0 |   0.0
        D:2 |      59 |       3 |   4.8 |      14 |       2 |  12.5
            +---------+---------+-------+---------+---------+-------
